 Dungeon Crawl Stone Soup version 0.26-a0-249-g7253cd193c (webtiles) character file.

Game seed: 8842538016620059666

1528 Esekla the Grave Robber (level 9, -5/65 HPs)
             Began as a Formicid Necromancer on July 8, 2020.
             Slain by a centaur (8 damage)
             ... on level 6 of the Dungeon.
             The game lasted 00:39:54 (7686 turns).

Esekla the Grave Robber (Formicid Necromancer)      Turns: 7686, Time: 00:39:55

Health: -5/65      AC:  6    Str: 13    XL:     9   Next: 10%
Magic:  0/17       EV: 16    Int: 18    God:
Gold:   218        SH:  0    Dex: 11    Spells: 15/19 levels left

rFire    . . .     SeeInvis +   e - +0 short sword
rCold    . . .     Faith    .   (no shield)
rNeg     . . .     Spirit   .   j - +0 leather armour
rPois    +         Reflect  .   (helmet unavailable)
rElec    .         Harm     .   r - +1 cloak {MR+}
rCorr    .                      C - +0 pair of gloves
MR       +....                  (no boots)
Stlth    ++........             (no amulet)
HPRegen  0.20/turn              b - ring of poison resistance
MPRegen  0.15/turn              q - +4 ring of evasion

@: no status effects
A: permanent stasis, dig shafts and tunnels, four strong arms, antennae 3
a: Dig, Shaft Self


You were on level 6 of the Dungeon.
You were not hungry.

You visited 1 branch of the dungeon, and saw 6 of its levels.

You collected 218 gold pieces.

Inventory:

Hand Weapons
 e - a +0 short sword (weapon)
Missiles
 a - 7 boomerangs
 f - 8 javelins
 l - 16 poisoned darts (quivered)
 s - 8 curare-tipped darts
Armour
 j - a +0 leather armour (worn)
 r - a +1 cloak of magic resistance (worn)
 C - a +0 pair of gloves (worn)
Jewellery
 b - a ring of poison resistance (left hand)
 q - a +4 ring of evasion (right hand)
Wands
 o - a wand of acid (7)
 v - a wand of iceblast (5)
Scrolls
 c - 2 scrolls of remove curse {unknown}
 g - 2 scrolls of amnesia {unknown}
 h - a scroll of random uselessness {unknown}
 n - 4 scrolls of teleportation
 u - 2 scrolls of identify {unknown}
 w - a scroll of brand weapon {unknown}
 y - a scroll of noise {unknown}
Potions
 d - a potion of curing {unknown}
 i - a potion of berserk rage {unknown}
 k - a potion of might {unknown}
 m - a potion of degeneration {unknown}
 p - a potion of heal wounds
 t - a potion of stabbing {unknown}
 x - a potion of ambrosia {unknown}
 z - 2 potions of lignification {unknown}
 B - 2 potions of flight {unknown}
Comestibles
 A - a ration


   Skills:
 * Level 4.1 Fighting
 + Level 3.7 Short Blades
 + Level 1.4 Throwing
 * Level 3.9 Armour
 + Level 3.5 Dodging
 + Level 3.3 Stealth
 * Level 5.8 Spellcasting
 + Level 6.0 Necromancy


You had 15 spell levels left.
You knew the following spells:

 Your Spells              Type           Power        Failure   Level
a - Pain                  Necr           ####         1%          1
d - Vampiric Draining     Necr           ####......   3%          3

Your spell library contained the following spells:

 Spells                   Type           Power        Failure   Level
 Animate Skeleton         Necr           ####..       1%          1
 Animate Dead             Necr           ####......   13%         4
 Agony                    Necr           ####....     34%         5
 Malign Gateway           Summ/Tloc      #.........   100%        7
 Monstrous Menagerie      Summ           #.........   100%        7
 Summon Greater Demon     Summ           #.........   100%        7
 Summon Horrible Things   Summ           #.........   100%        8


Dungeon Overview and Level Annotations

Branches:
Dungeon (6/15)
 Temple: D:4-7

Altars:
Dithmenos
Nemelex Xobeh
Xom

Annotations:
D:3 Terence


Innate Abilities, Weirdness & Mutations

You cannot be hasted, slowed, berserked, paralysed or teleported.
You can dig through walls and to a lower floor.
Your four strong arms can wield two-handed weapons with a shield.
You have a pair of large antennae on your head. (SInv)


Message History

The centaur is heavily wounded.
The centaur closely misses you.
You barely miss the centaur.
The centaur is heavily wounded.
The centaur hits you but does no damage.
You hit the centaur.
The centaur is severely wounded.
The centaur closely misses you. The centaur hits you!
* * * LOW HITPOINT WARNING * * *
Casting: Vampiric Draining (dangerous; 3% risk of failure)
Confirm with . or Enter, or press ? or * to list all spells.
Aiming: Pain (safe; 1% risk of failure)
Press: ? - help, Shift-Dir - straight line, f/p - centaur
Aim: a centaur, quivering 13 arrows (severely wounded, chance to defeat MR: 84%)
The centaur writhes in agony.
The centaur hits you but does no damage.
You completely miss the centaur.
The centaur is almost dead.
The centaur hits you!
You die...

........#
........#### {
...........#
........(#
.#.#####(# #(#
######## ####
#.# #......#
#...
#.#####......#
#.##
#.#.c@(......#
#.#
#.#.###..>...#
#.# #(#.#
#......# #.#
#.#c# #......#
#.# #.#.#
#.###### #.# #
#.#.#
#.###########.#
#. #.#.#
#.............#
#.### #c#.#
###############
...# #.#.###


You could see a centaur.

Vanquished Creatures
  Grinder (D:4)
  A hippogriff (D:5)
  2 black bears (D:6)
  A sky beast (D:5)
  A centaur (D:5)
  2 ogres
  A bullfrog (D:6)
  A scorpion (D:3)
  2 hounds
  Crazy Yiuf (D:2)
  3 orc wizards
  A bullfrog skeleton (D:5)
  3 orc priests
  11 adders
  An ufetubus (D:5)
  An adder skeleton (D:4)
  2 worms
  5 dart slugs
  4 leopard geckos
  9 orcs
  A ball python (D:3)
  4 giant cockroaches
  6 goblins
  7 hobgoblins
  12 jackals
  2 quokkas
  8 bats
  3 frilled lizards
  A jackal zombie (D:5)
  9 kobolds
  13 rats
  A fungus (D:2)
120 creatures vanquished.

Notes
Turn   | Place    | Note
-------+----------+-------------------------------------------
     0 | D:1      | Esekla the Formicid Necromancer began the quest for the
                  | Orb.
     0 | D:1      | Reached XP level 1. HP: 13/13 MP: 3/3
  1056 | D:1      | Reached XP level 2. HP: 19/19 MP: 3/5
  1398 | D:2      | Found a runed translucent door.
  1399 | D:2      | Noticed Crazy Yiuf
  1755 | D:1      | Reached XP level 3. HP: 12/25 MP: 0/7
  1760 | D:1      | Learned a level 3 spell: Vampiric Draining
  2168 | D:2      | Reached skill level 1 in Fighting
  2168 | D:2      | Reached XP level 4. HP: 22/32 MP: 4/8
  2980 | D:3      | Noticed Terence
  2998 | D:2      | Reached XP level 5. HP: 22/37 MP: 3/10
  3268 | D:2      | Reached skill level 1 in Short Blades
  4173 | D:2      | Found a sparkling altar of Nemelex Xobeh.
  4282 | D:2      | Killed Crazy Yiuf
  4479 | D:3      | Reached skill level 1 in Armour
  4538 | D:4      | Noticed Grinder
  4560 | D:3      | Reached XP level 6. HP: 41/44 MP: 7/11
  5282 | D:4      | Found a shimmering altar of Xom.
  5284 | D:4      | Found a shadowy altar of Dithmenos.
  5284 | D:4      | Found a shimmering altar of Xom.
  5286 | D:4      | Found a radiant altar of Vehumet.
  5286 | D:4      | Found a blossoming altar of Fedhas.
  5286 | D:4      | Found an iron altar of Okawaru.
  5577 | D:4      | Reached XP level 7. HP: 42/50 MP: 6/13
  5784 | D:5      | Entered Level 5 of the Dungeon
  5928 | D:5      | Reached skill level 5 in Necromancy
  6264 | D:5      | Reached XP level 8. HP: 37/57 MP: 11/15
  6669 | D:4      | Reached skill level 5 in Spellcasting
  6769 | D:4      | Killed Grinder
  6769 | D:4      | Reached skill level 1 in Throwing
  6863 | D:4      | Found a shadowy altar of Dithmenos.
  7085 | D:5      | Noticed a hippogriff
  7127 | D:5      | Killed a hippogriff
  7635 | D:6      | Reached XP level 9. HP: 27/65 MP: 3/17
  7675 | D:6      | Reached skill level 6 in Necromancy
  7686 | D:6      | Slain by a centaur

Illustrated notes

Levels and vault maps discovered:
D:1:      arrival_zaba_pyramid, layout_basic
D:2:      layout_loops_ring, marbit_many_paths, first_ration,
          uniq_crazy_yiuf_cottage
D:3:      minmay_wonky_spiral, layout_basic, uniq_terence
D:4:      layout_rooms, doesnt_xom_only_xom, lemuel_coloured_pillars_altar,
          uniq_grinder
D:5:      layout_basic, lemuel_round_altar, grunt_ministairs_1
D:6:      layout_basic, trog_ov_bears_minmay, grunt_temple_overflow_open

Skill      XL: |  1  2  3  4  5  6  7  8  9 |
---------------+----------------------------+-----
Spellcasting   | 3 4 5 |  5.8
Fighting       | 1 2 3 4 |  4.1
Short Blades   | 1 2 3 |  3.7
Dodging        | 2 3 |  3.5
Armour         | 1 2 3 |  3.9
Necromancy     | 5 6 |  6.0
Stealth        | 3 |  3.3
Throwing       | 1 |  1.4

Action                   |  1- 3 |  4- 6 |  7- 9 || total
-------------------------+-------+-------+-------++-------
Melee: Unarmed           |    10 |       |       ||    10
       Short sword       |    81 |   311 |   200 ||   592
Throw: Javelin           |       |     1 |       ||     1
       Dart              |       |     4 |    14 ||    18
       Boomerang         |       |     3 |     8 ||    11
 Cast: Pain              |    34 |       |     1 ||    35
       Vampiric Draining |     4 |    21 |    31 ||    56
  Use: Scroll            |       |       |     1 ||     1
       Potion            |       |       |     1 ||     1
 Stab: Sleeping          |     3 |     3 |     2 ||     8
  Eat: Ration            |     1 |     3 |     2 ||     6
Armor: Robe              |    20 |     2 |       ||    22
       Leather armour    |       |    53 |    61 ||   114
Dodge: Dodged            |    78 |   232 |   181 ||   491

Table legend:
 A = Non-vault XP
 B = Vault XP
 C = Vault XP percentage of total XP
 D = Non-vault monster count
 E = Vault monster count
 F = Vault count percentage of total count
                 A         B        C        D         E       F
            +---------+---------+-------+---------+---------+-------
      Total |    1508 |     676 |  31.0 |     109 |      10 |   8.4
            +---------+---------+-------+---------+---------+-------
        D:1 |      32 |       0 |   0.0 |      23 |       0 |   0.0
        D:2 |     129 |      44 |  25.4 |      31 |       2 |   6.1
        D:3 |     121 |      86 |  41.5 |      27 |       5 |  15.6
        D:4 |     285 |     277 |  49.3 |      12 |       1 |   7.7
        D:5 |     835 |       0 |   0.0 |      14 |       0 |   0.0
        D:6 |     106 |     269 |  71.7 |       2 |       2 |  50.0
            +---------+---------+-------+---------+---------+-------
